 Dungeon Sprint DCSS version 0.16-a0-3781-g2316936 (console) character file.

1103 Monkaria the Fencer (level 8, -3/85 HPs)
             Began as a Hill Orc Fighter on Jan 25, 2015.
             Was a Priest of Makhleb.
             Splashed by a brown ugly thing's acid (6 damage)
             ... in the Dungeon (Sprint IX: "|||||||||||||||||||||||||||||").
             The game lasted 00:02:21 (597 turns).

Monkaria the Fencer (Hill Orc Fighter)               Turns: 597, Time: 00:02:21

Health: -3/85      AC:  0    Str: 24    XL:     8   Next: 32%
Magic:  8/8        EV: 10    Int:  8    God:    Makhleb [***...]
Gold:   0          SH:  9    Dex: 10    Spells: 0 memorised, 7 levels left

rFire  . . .     SeeInvis .     f - +2 scimitar (flame)
rCold  . . .     Clarity  .     s - +2 ring mail
rNeg   . . .     SustAb   .     c - +0 shield
rPois  .         Gourm    .     q - +0 helmet
rElec  .         Spirit   .     (no cloak)
rCorr  .         Warding  .     r - +0 pair of gloves
rMut   .         NoTele   +     (no boots)
MR     .....                    (no amulet)
Stlth  ..........               t - +3 ring of strength
                                u - +2 ring of evasion

@: corroded equipment, not resistant to hostile enchantments, extremely
unstealthy
A: no striking features
a: Minor Destruction, Lesser Servant of Makhleb, Renounce Religion


You were in the Dungeon.
You worshipped Makhleb.
Makhleb was most pleased with you.
You were not hungry.

You visited 1 branch

Inventory:

Hand weapons
 f - a +2 scimitar of flaming (weapon)
Armour
 c - a +0 shield (worn)
 q - a +0 helmet (worn)
 r - a +0 pair of gloves (worn)
 s - a +2 ring mail (worn)
Jewellery
 t - a +3 ring of strength (right hand)
 u - a +2 ring of evasion (left hand)
Magical devices
 p - a wand of cold (2)
Scrolls
 k - 2 scrolls of blinking
 n - 3 scrolls of remove curse
 o - 2 scrolls of amnesia
Potions
 e - a potion of might
 g - a potion of invisibility
 h - a potion of haste
 i - 4 potions of magic
 j - a potion of berserk rage
 l - a potion of heal wounds
 m - 4 potions of curing
Comestibles
 d - a meat ration


   Skills:
 + Level 12.5 Fighting
 * Level 15.1 Long Blades
 - Level 3.2 Armour
 - Level 3.2 Shields


You had 7 spell levels left.
You didn't know any spells.

Dungeon Overview and Level Annotations

Branches:
Dungeon (1/1)

Altars:
Cheibriados
Dithmenos
Elyvilon
Fedhas
Gozag
Kikubaaqudgha
Makhleb
Nemelex Xobeh
Okawaru
Qazlal
Ru
Sif Muna
Trog
Vehumet
Xom
Yredelemnul
Zin
The Shining One
Beogh
Jiyva
Lugonu


Message History

You are splashed with acid!
The acid corrodes your equipment!
The acid burns!
* * * LOW HITPOINT WARNING * * *
Drink which item? (? for menu, Esc to quit)
You feel much better. The brown ugly thing misses you.
Evoke which item? (* to show all) (? for menu, Esc to quit)
Zapping:
p - a wand of cold (3)
Press: ? - help, Shift-Dir - straight line, f - brown ugly thing
Aim: a brown ugly thing (severely wounded)
The bolt of cold hits the brown ugly thing.
The brown ugly thing is almost dead.
This wand has 2 charges left.
The brown ugly thing kicks you.
* * * LOW HITPOINT WARNING * * *
You are splashed with acid!
The acid burns!
* * * LOW HITPOINT WARNING * * *
You hit the brown ugly thing. You burn the brown ugly thing.
The brown ugly thing is almost dead.
The brown ugly thing kicks you.
* * * LOW HITPOINT WARNING * * *
You are splashed with acid!
The acid corrodes your equipment!
The acid burns!
You die... ▓▓▓▓▓▓▓▓▓▓▓▓▓▓▓▓▓▓▓▓▓▓▓▓▓ '..|)....(')....@u)..†..+ ▓▓▓▓▓▓▓▓▓▓▓▓▓▓▓▓▓▓▓▓▓▓▓▓▓

You could see a brown ugly thing.

Vanquished Creatures
  A hill giant (D)
  A deep elf mage (D)
  An orc warrior (D)
  A centaur (D)
  An ice beast (D)
  An ogre (D)
  A wasp (D)
  A giant frog (D)
  A gnoll (D)
  2 adders (D)
  A shadow imp (D)
  2 goblins (D)
  2 hobgoblins (D)
  A jackal (D)
  2 goblin zombies (D)
  A kobold (D)
  2 rats (D)
  A rat zombie (D)
  A ballistomycete (D)
24 creatures vanquished.

Vanquished Creatures (others)
  A giant spore (D)
1 creature vanquished.

Grand Total: 25 creatures vanquished

Notes
Turn   | Place    | Note
--------------------------------------------------------------
     0 | D        | Monkaria, the Hill Orc Fighter, began the quest for the Orb.
     0 | D        | Reached XP level 1. HP: 19/19 MP: 1/1
    11 | D        | Reached skill level 4 in Fighting
    25 | D        | Reached skill level 5 in Fighting
    25 | D        | Reached skill level 5 in Long Blades
    25 | D        | Reached XP level 2. HP: 22/29 MP: 2/2
    29 | D        | Reached XP level 3. HP: 23/36 MP: 3/3
    36 | D        | Reached skill level 6 in Long Blades
   235 | D        | Found a glowing silver altar of Zin.
   235 | D        | Found a glowing golden altar of the Shining One.
   235 | D        | Found an ancient bone altar of Kikubaaqudgha.
   235 | D        | Found a basalt altar of Yredelemnul.
   235 | D        | Found a shimmering altar of Xom.
   235 | D        | Found a radiant altar of Vehumet.
   235 | D        | Found an iron altar of Okawaru.
   236 | D        | Found a burning altar of Makhleb.
   237 | D        | Found a deep blue altar of Sif Muna.
   238 | D        | Found a bloodstained altar of Trog.
   239 | D        | Found a sparkling altar of Nemelex Xobeh.
   240 | D        | Found a white marble altar of Elyvilon.
   241 | D        | Found a roughly hewn altar of Beogh.
   242 | D        | Found a viscous altar of Jiyva.
   243 | D        | Found a corrupted altar of Lugonu.
   244 | D        | Found a blossoming altar of Fedhas.
   245 | D        | Found a snail-covered altar of Cheibriados.
   247 | D        | Became a worshipper of Makhleb the Destroyer
   249 | D        | Found a shadowy altar of Dithmenos.
   250 | D        | Found a stormy altar of Qazlal.
   251 | D        | Found an opulent altar of Gozag.
   252 | D        | Found a sacrificial altar of Ru.
   312 | D        | Noticed a giant frog
   312 | D        | Noticed an ice beast
   312 | D        | Noticed a centaur
   317 | D        | Killed a giant frog
   317 | D        | Reached skill level 7 in Fighting
   317 | D        | Reached skill level 8 in Long Blades
   317 | D        | Reached XP level 4. HP: 32/47 MP: 4/4
   318 | D        | Acquired Makhleb's first power
   321 | D        | Killed an ice beast
   321 | D        | Reached skill level 10 in Long Blades
   321 | D        | Reached XP level 5. HP: 16/56 MP: 5/5
   329 | D        | Killed a centaur
   329 | D        | Acquired Makhleb's second power
   329 | D        | Reached skill level 11 in Long Blades
   329 | D        | Reached XP level 6. HP: 23/64 MP: 6/6
   581 | D        | Noticed a deep elf mage
   581 | D        | Noticed an orc warrior
   581 | D        | Noticed a hill giant
   581 | D        | Noticed a wasp
   581 | D        | Noticed a brown ugly thing
   581 | D        | Noticed an ogre
   583 | D        | Killed a wasp
   583 | D        | Reached skill level 10 in Fighting
   583 | D        | Reached skill level 12 in Long Blades
   584 | D        | Killed a deep elf mage
   584 | D        | Reached skill level 13 in Long Blades
   584 | D        | Reached XP level 7. HP: 44/73 MP: 7/7
   584 | D        | Killed an orc warrior
   584 | D        | Acquired Makhleb's third power
   586 | D        | Killed a hill giant
   586 | D        | Reached skill level 14 in Long Blades
   586 | D        | Reached XP level 8. HP: 59/85 MP: 8/8
   593 | D        | Killed an ogre
   593 | D        | Reached skill level 15 in Long Blades
   594 | D        | HP: 3/85 [acid (12)]
   597 | D        | Splashed by a brown ugly thing's acid

Action                   |  1- 3 |  4- 6 |  7- 9 || total
-------------------------+-------+-------+-------++-------
Melee: Long sword        |    47 |       |       ||    47
       Scimitar          |     5 |    14 |     8 ||    27
Evoke: Wand              |       |     1 |     4 ||     5
  Use: Potion            |     2 |       |     1 ||     3
